 Dungeon Crawl Stone Soup version 0.25-a0-86-ga6f17ae7d4 (webtiles) character file.

Game seed: 5763059427023625861, levelgen mode: deterministic

7539 HAL9000 the Covert (level 11, 0/53 HPs)
             Began as a Vine Stalker Assassin on Nov 9, 2019.
             Was an Elder of Dithmenos.
             Slain by a tarantella (3 damage)
             ... summoned by a deep elf mage
             ... on level 9 of the Dungeon.
             The game lasted 00:34:34 (9293 turns).

HAL9000 the Covert (Vine Stalker Assassin)          Turns: 9293, Time: 00:34:34

Health: 0/53       AC:  9    Str: 16    XL:     11   Next: 16%
Magic:  0/12       EV: 11    Int: 12    God:    Dithmenos [****..]
Gold:   229        SH:  0    Dex: 13    Spells: 10/10 levels left

rFire    . . .     SeeInvis .   N - +8 war axe "Baraonta" {flame, +Fly rC++ rN+++ Dex-3}
rCold    + + .     Gourm    .   K - +0 buckler
rNeg     + + +     Faith    .   j - +0 leather armour
rPois    .         Spirit   +   (no helmet)
rElec    .         Reflect  .   c - +0 cloak
rCorr    .         Harm     .   G - +2 pair of gloves {archery}
MR       +....                  (no boots)
Stlth    ++++......             s - amulet of regeneration
HPRegen  0.97/turn              m - +2 ring of protection
MPRegen  0.13/turn              F - ring of stealth

@: confused, lethally poisoned (0 -> 0), wreathed by umbra
A: fangs 3, regeneration 1, magic shield, antimagic bite, no potion heal 3, rot
immunity
a: Shadow Step, Renounce Religion, Evoke Flight


You were on level 9 of the Dungeon.
You worshipped Dithmenos.
Dithmenos was greatly pleased with you.
You were not hungry.

You visited 1 branch of the dungeon, and saw 10 of its levels.
You also visited: Ossuary.

You collected 589 gold pieces.
You spent 360 gold pieces at shops.

Inventory:

Hand Weapons
 d - a +2 falchion of slicing
 D - a +2 dagger of speed
 N - the +8 war axe "Baraonta" (weapon) {flame, +Fly rC++ rN+++ Dex-3}
   (You found it on level 10 of the Dungeon)

   It has been specially enchanted to burn those struck by it, causing extra
   injury to most foes and up to half again as much damage against particularly
   susceptible opponents.
   Big, fiery blades are also staple armaments of hydra-hunters.
   It affects your dexterity (-3).
   It greatly protects you from cold.
   It renders you almost immune to negative energy.
   It lets you fly.
Missiles
 E - 13 poisoned darts (quivered)
Armour
 c - a +0 cloak (worn)
 e - a +0 plate armour
 j - a +0 leather armour (worn)
 G - a +2 pair of gloves of archery (worn)
 K - a +0 buckler (worn)
Jewellery
 m - a +2 ring of protection (left hand)
 s - an amulet of regeneration (around neck)
 F - a ring of stealth (right hand)
 O - an uncursed ring of protection from cold
Wands
 u - a wand of scattershot (4)
 y - a wand of polymorph (4)
 J - a wand of random effects (12)
Scrolls
 b - 2 scrolls of remove curse
 g - a scroll of magic mapping
 h - 3 scrolls of teleportation
 l - 3 scrolls of fog {unknown}
 w - a scroll of acquirement {unknown}
 x - a scroll of holy word {unknown}
 A - 2 scrolls of amnesia
 B - 3 scrolls of fear {unknown}
 H - a scroll of enchant armour {unknown}
 I - 2 scrolls of random uselessness {unknown}
 L - a scroll of vulnerability {unknown}
Potions
 i - 6 potions of curing
 k - 4 potions of ambrosia
 n - a potion of agility
 o - a potion of cancellation {unknown}
 p - 4 potions of haste {unknown}
 q - a potion of magic {unknown}
 r - 4 potions of brilliance
 t - 2 potions of degeneration {unknown}
 v - a potion of berserk rage {unknown}
 z - 5 potions of heal wounds {unknown}
 C - 2 potions of mutation {unknown}
 M - a potion of lignification {unknown}
Comestibles
 a - 4 chunks of flesh
 f - 11 rations


   Skills:
 + Level 3.8 Fighting
 - Level 10.2 Short Blades
 + Level 4.3 Throwing
 - Level 0.7 Dodging
 + Level 12.6 Stealth
 - Level 6.1 Shields


You had 10 spell levels left.
You didn't know any spells.
Your spell library contained the following spells:

 Spells                   Type           Power        Failure   Level  Hunger
 Animate Skeleton         Necr           N/A          38%         1    ##.....
 Apportation              Tloc           #.....       38%         1    ##.....
 Confusing Touch          Hex            #.....       38%         1    ##.....
 Summon Small Mammal      Summ           #...         38%         1    ##.....


Dungeon Overview and Level Annotations

Branches:
Dungeon (10/15)            Temple (0/1) D:5            Lair (0/6) D:9
    Orc (0/2) D:10        Ossuary (visited)

Altars:
Dithmenos
Fedhas
Makhleb
Qazlal
Ru
Sif Muna
Uskayaw
Wu Jian
Beogh

Shops:
D:5 =   D:6 =%?[[


Innate Abilities, Weirdness & Mutations

You have razor-sharp teeth.
Your natural rate of healing is unusually fast.
When hurt, damage is shared between your health and your magic reserves.
Your bite disrupts and absorbs the magic of your enemies.
Potions cannot restore your health.
You are immune to rotting.


Message History

You feel sick. The deep elf mage closely misses you.
The tarantella bites you but does no damage.
You closely miss the deep elf mage. Your bite misses the deep elf mage.
The deep elf mage is severely wounded.
You closely miss the tarantella. You hit the hell rat. You burn the hell rat.
You feel sick. The hell rat barely misses you.
The tarantella bites you but does no damage.
The deep elf mage hits you with a +0 rapier.
* * * LOW HITPOINT WARNING * * *
You block the hell rat's attack. The tarantella closely misses you.
You barely miss the deep elf mage. Your bite misses the deep elf mage.
The deep elf mage is severely wounded.
You slash the tarantella! You burn the tarantella.
You barely miss the hell rat.
You feel sick. The tarantella bites you.
* * * LOW HITPOINT WARNING * * *
You are confused.
The hell rat misses you.
The deep elf mage hits you but does no damage.
The tarantella bites you.
You die...

.......# #.#.##
##.......###.# ##.##.##
#.### ##.....## #..
##.##.# #.# ##...## ###
......# ####.##### ##'##
##.#### #........# #.#
#.# #.##.###.# #.# #.#
#.##.# #.#######.########
##.#
#.##.###s##..............
...#
#.##...e@..)....#..######
#### #.######r##[###...##
#.# #.##[# ##.##
#.######.##.####.#
#........##..<...#
##################


You could see a deep elf mage, a tarantella and a hell rat.

Vanquished Creatures
  An unseen horror (D:10)
  Pikel (D:7)
  Joseph (D:7)
  A komodo dragon (D:9)
  2 hippogriffs
  Sigmund (D:6)
  3 yaks (D:9)
  A spriggan (D:9)
  A wyvern (D:8)
  A hungry ghost (D:8)
  Menkaure (D:7)
  A black bear (D:9)
  2 orc warriors
  A sky beast (D:7)
  3 phantoms
  5 ogres
  An ice beast (D:8)
  2 slaves (D:7)
  A necrophage (D:8)
  4 centaurs
  2 big kobolds
  Blork the orc (D:6)
  6 bullfrogs
  A gnoll sergeant (D:7)
  2 scorpions
  8 killer bees
  2 howler monkeys
  4 centaur zombies
  2 crimson imps (D:4)
  2 quasits
  2 bullfrog zombies
  2 hounds
  2 jellies
  A gnoll shaman (D:6)
  Crazy Yiuf (D:2)
  2 bullfrog skeletons (D:8)
  3 orc priests
  6 orc wizards
  2 iguanas (D:7)
  12 worker ants
  2 big kobold zombies (Ossuary)
  2 hound skeletons
  5 mummies (Ossuary)
  15 gnolls
  11 adders
  5 shadow imps
  2 oozes (D:1)
  2 adder skeletons
  3 worms
  2 dart slugs
  A leopard gecko (D:2)
  22 orcs
  13 giant cockroaches
  7 goblins
  13 hobgoblins
  13 jackals
  A quokka (D:3)
  9 bats
  5 frilled lizards
  A giant cockroach zombie (D:5)
  2 hobgoblin zombies (Ossuary)
  A jackal zombie (D:7)
  20 kobolds
  9 rats
263 creatures vanquished.

Vanquished Creatures (others)
  A plant (D:9)
1 creature vanquished.

Grand Total: 264 creatures vanquished

Notes
Turn   | Place    | Note
-------+----------+-------------------------------------------
     0 | D:1      | HAL9000 the Vine Stalker Assassin began the quest for the
                  | Orb.
     0 | D:1      | Reached XP level 1. HP: 11/11 MP: 2/2
    54 | D:1      | Reached XP level 2. HP: 13/15 MP: 3/3
   346 | D:1      | Reached XP level 3. HP: 18/18 MP: 4/4
  1036 | D:2      | Found a shimmering blue altar of Sif Muna.
  1173 | D:2      | Gained mutation: Your natural rate of healing is unusually
                  | fast. [Vine Stalker growth]
  1173 | D:2      | Reached XP level 4. HP: 23/23 MP: 5/5
  1615 | D:2      | Found a runed translucent door.
  1616 | D:2      | Noticed Crazy Yiuf
  1624 | D:2      | Killed Crazy Yiuf
  1900 | D:3      | Reached XP level 5. HP: 22/26 MP: 4/6
  2023 | D:3      | Reached skill level 5 in Short Blades
  2188 | D:3      | Found a shadowy altar of Dithmenos.
  2197 | D:3      | Found a hide-covered altar of Uskayaw.
  2197 | D:3      | Found a stormy altar of Qazlal.
  2197 | D:3      | Found a burning altar of Makhleb.
  2201 | D:3      | Found an ornate altar of the Wu Jian Council.
  2213 | D:3      | Became a worshipper of Dithmenos the Shadowed
  2391 | D:4      | Reached skill level 5 in Stealth
  2441 | D:4      | Reached XP level 6. HP: 25/30 MP: 4/7
  2652 | D:4      | Found a blossoming altar of Fedhas.
  2954 | D:5      | Entered Level 5 of the Dungeon
  2955 | D:5      | Found Bain's Jewellery Shoppe.
  3017 | D:4      | Reached XP level 7. HP: 34/34 MP: 6/8
  3071 | D:4      | Reached skill level 6 in Stealth
  3131 | D:5      | Found a staircase to the Ecumenical Temple.
  3473 | D:5      | Reached * piety under Dithmenos
  3905 | D:5      | Gained mutation: You have razor-sharp teeth. [Vine Stalker
                  | growth]
  3905 | D:5      | Reached XP level 8. HP: 34/38 MP: 7/9
  4248 | D:6      | Found Focepiuq's Antique Armour Shoppe.
  4251 | D:6      | Noticed Blork the orc
  4264 | D:6      | Killed Blork the orc
  4265 | D:6      | Found Wuwebokh's Armour Boutique.
  4276 | D:6      | Bought a pair of runed gloves for 180 gold pieces
  4423 | D:6      | Found Lele's Jewellery Shop.
  4495 | D:6      | Reached ** piety under Dithmenos
  4553 | D:6      | Found Rec Qiyl's Magic Scroll Shoppe.
  4692 | D:6      | Noticed Sigmund
  4707 | D:6      | Killed Sigmund
  4795 | D:6      | Found Emaab's Food Emporium.
  4870 | D:6      | Bought a pair of embroidered gloves for 180 gold pieces
  5240 | D:7      | Reached XP level 9. HP: 41/42 MP: 10/10
  5328 | D:7      | Reached skill level 10 in Short Blades
  5376 | D:7      | Found a sand-covered staircase.
  5380 | D:7      | Noticed Menkaure
  5385 | D:7      | Killed Menkaure
  5385 | D:7      | Reached skill level 7 in Stealth
  5389 | Ossuary  | Entered an ossuary
  5530 | D:7      | Reached skill level 8 in Stealth
  5825 | D:7      | Reached *** piety under Dithmenos
  5825 | D:7      | Reached skill level 9 in Stealth
  5984 | D:7      | Reached skill level 1 in Shields
  5996 | D:7      | Noticed Joseph
  6017 | D:7      | Killed Joseph
  6353 | D:8      | Reached XP level 10. HP: 46/46 MP: 11/11
  6636 | D:8      | Reached skill level 5 in Shields
  7035 | D:8      | Noticed Pikel
  7362 | D:7      | Killed Pikel
  7362 | D:7      | Reached skill level 10 in Stealth
  7706 | D:9      | Found a staircase to the Lair.
  8080 | D:9      | Reached **** piety under Dithmenos
  8081 | D:9      | Reached skill level 11 in Stealth
  8605 | D:10     | Entered Level 10 of the Dungeon
  8605 | D:10     | Found a staircase to the Orcish Mines.
  8612 | D:10     | Reached XP level 11. HP: 52/52 MP: 12/12
  8743 | D:10     | Found a sacrificial altar of Ru.
  8768 | D:10     | Reached skill level 12 in Stealth
  8923 | D:10     | Got a blackened war axe
  8926 | D:10     | Identified the +8 war axe "Baraonta" {flame, +Fly rC++
                  | rN+++ Dex-3} (You found it on level 10 of the Dungeon)
  9116 | D:10     | Killed an unseen horror
  9165 | D:10     | Found a roughly hewn altar of Beogh.
  9272 | D:10     | Noticed a deep elf mage
  9293 | D:9      | Slain by a tarantella

Levels and vault maps discovered:
D:1:      scummos_arrival_simple_fountains, layout_loops_cross
D:2:      layout_loops_ring, lemuel_doored_altar, palyth_stone_intersect,
          uniq_crazy_yiuf_cottage
D:3:      minmay_angry_zag, layout_rooms, minitemple
D:4:      layout_basic, first_ration, fedhas_ov_isle_minmay
D:5:      layout_rooms, minmay_temple_entry_mini_moons, serial_shops, shop,
          hangedman_glass_teeth
D:6:      layout_loops_ring, serial_shops, shop, shop_statue, shop, shop,
          nicolae_shop_statue_plus, kennysheep_generic_room_10,
          uniq_blork_the_orc, uniq_sigmund
D:7:      layout_loops_ring, enter_ossuary_1, uniq_menkaure, uniq_joseph
D:8:      layout_cave_pools, uniq_pikel
D:9:      layout_loops_corners, david_lair_shrubbed, grunt_pizzeria
D:10:     layout_cave_pools, minmay_orc_entry_temple_small, basic_altar,
          minmay_librarian, uniq_grum

Skill      XL: |  1  2  3  4  5  6  7  8  9 10 11 |
---------------+----------------------------------+-----
Short Blades   | 2 3 4 5 6 7 9 10 | 10.2
Stealth        | 5 6 9 11 12 | 12.6
Throwing       | 2 4 |  4.3
Shields        | 4 6 |  6.1
Fighting       | 3 |  3.8
Dodging        | |  0.7

Action                   |  1- 3 |  4- 6 |  7- 9 | 10-12 || total
-------------------------+-------+-------+-------+-------++-------
Melee: Dagger            |   127 |   130 |   527 |   423 ||  1207
       Bite              |    31 |    36 |   184 |   138 ||   389
       War axe           |       |       |       |    38 ||    38
Throw: Dart              |       |     7 |    32 |    27 ||    66
  Use: Scroll            |       |       |     6 |     2 ||     8
 Stab: Sleeping          |    13 |     9 |    20 |    20 ||    62
       Distracted        |       |     1 |     1 |     1 ||     3
  Eat: Chunk             |     1 |     6 |    10 |    12 ||    29
Armor: Robe              |    27 |       |       |       ||    27
       Leather armour    |     9 |    32 |    80 |    66 ||   187
       Plate armour      |       |       |       |   121 ||   121
Dodge: Dodged            |    59 |    54 |   197 |    97 ||   407
Block: Buckler           |       |       |     6 |    78 ||    84

Table legend:
 A = Non-vault XP
 B = Vault XP
 C = Vault XP percentage of total XP
 D = Non-vault monster count
 E = Vault monster count
 F = Vault count percentage of total count
                 A         B        C        D         E       F
            +---------+---------+-------+---------+---------+-------
      Total |    8179 |    2591 |  24.1 |     230 |      31 |  11.9
            +---------+---------+-------+---------+---------+-------
        D:1 |      59 |       0 |   0.0 |      28 |       0 |   0.0
        D:2 |      67 |      40 |  37.4 |      23 |       1 |   4.2
        D:3 |      82 |      21 |  20.4 |      16 |       7 |  30.4
        D:4 |     639 |       0 |   0.0 |      20 |       0 |   0.0
        D:5 |     410 |       0 |   0.0 |      23 |       0 |   0.0
        D:6 |     508 |     316 |  38.3 |      25 |       3 |  10.7
        D:7 |    1362 |    1312 |  49.1 |      33 |       3 |   8.3
        D:8 |    1700 |       0 |   0.0 |      28 |       0 |   0.0
        D:9 |    2050 |     577 |  22.0 |      23 |       4 |  14.8
       D:10 |    1302 |      38 |   2.8 |      11 |       1 |   8.3
    Ossuary |       0 |     287 | 100.0 |       0 |      12 | 100.0
            +---------+---------+-------+---------+---------+-------
